Map: Paladino Terminal LE

Players

Mengsk - Winner!

  • Race: Terran Terran
  • League: Diamond
  • Spawn Location: 5:00

Musumeci

  • Race: Zerg Zerg
  • League: Diamond
  • Spawn Location: 9:00

VOD

Have the link to the VOD?

Description

Time

  • Played on: Feb. 21, 2017, 1:18 p.m.
  • Length: 7:19
Show
View Real Time Build Order
Export as new Build Order

Mengsk Terran - Winner!

Build Orders: Reaper Expand 

Get SALT Encoding   

  12  0:02  SCV  
  13  0:14  SCV  
  14  0:19  Supply Depot  
  14  0:26  SCV  
  15  0:38  Refinery  
  15  0:41  SCV  
  16  0:47  Barracks  
  16  0:55  SCV  
  17  1:08  SCV  
  18  1:20  SCV  
  19  1:39  Orbital Command  
  19  1:43  Reaper  
  20  1:49  Command Center  
  20  2:02  Factory  
  20  2:05  SCV  
  21  2:11  Refinery  
  21  2:17  SCV  
  21  2:22  Barracks Reactor  
  22  2:31  SCV  
  23  2:43  Supply Depot  
  23  2:48  Starport  
  23  3:01  SCV  
  24  3:08  Marine  
  24  3:09  Factory Tech Lab  
  25  3:15  Factory Reactor  
  25  3:20  SCV  
  25  3:21  SCV, Marine  
  25  3:26  Marine  
  29  3:33  SCV, Barracks, Starport Reactor  
  29  3:43  Marine  
  29  3:47  Marine  
  31  3:50  SCV  
  31  3:54  Supply Depot  
  31  3:55  Orbital Command  
  32  4:03  SCV  
  32  4:05  Marine x2  
  32  4:06  Engineering Bay  
  35  4:13  Medivac  
  37  4:17  Cyclone  
  37  4:20  SCV  
  37  4:21  SCV  
  42  4:25  Barracks Tech Lab  
  42  4:32  SCV, Marine  
  42  4:34  Cyclone  
  47  4:38  Marine  
  47  4:41  Medivac  
  47  4:43  SCV  
  51  4:50  Marine  
  52  4:54  Marauder  
  54  5:02  Supply Depot  
  54  5:04  Supply Depot  
  54  5:07  Supply Depot  
  54  5:09  Refinery  
  54  5:16  Supply Depot  
  54  5:19  SCV x2, Marine, Combat Shields, Cyclone  
  60  5:26  Marauder, Marine  
  63  5:31  SCV  
  63  5:35  Cyclone  
  67  5:37  SCV, Marine  
  69  5:44  Marine  
  69  5:49  Liberator  
  70  5:53  Marine  
  70  5:54  Marine, Cyclone  
  75  6:04  Marine  
  78  6:11  Marine  
  78  6:12  Marine  
  76  6:28  Cyclone  
  76  6:29  Marauder  
  76  6:43  Marine x2  
  76  6:44  Cyclone  
  80  6:51  Marauder  
  79  7:00  Marine  
  79  7:01  Marine  
Show
View Real Time Build Order
Export as new Build Order

Musumeci Zerg 

Build Orders: Hatch First 

Get SALT Encoding   

  12  0:01  Drone  
  13  0:08  Drone  
  14  0:16  Drone, Extractor  
  15  0:42  Hatchery  
  14  0:49  Extractor  
  13  0:51  Drone  
  15  1:05  Spawning Pool  
  15  1:10  Extractor  
  15  1:11  Drone  
  14  1:16  Drone, Extractor  
  16  1:22  Overlord  
  16  1:40  Drone  
  16  1:41  Drone  
  16  1:44  Drone  
  19  1:51  Queen  
  21  1:56  Queen  
  21  2:00  Drone  
  24  2:04  Drone  
  25  2:10  Overlord  
  25  2:13  Drone  
  25  2:31  Queen  
  25  2:35  Extractor  
  25  2:36  Queen  
  26  2:43  Drone x4  
  32  2:45  Drone  
  32  2:48  Zergling x2  
  33  3:03  Spore Crawler  
  31  3:31  Drone x5  
  36  3:56  Overlord  
  36  3:58  Overlord  
  36  4:00  Overlord  
  36  4:12  Extractor  
  36  4:13  Roach Warren  
  34  4:18  Hatchery  
  33  4:49  Overlord  
  33  4:51  Drone x3  
  35  4:53  Roach x8  
  51  5:10  Evolution Chamber  
  50  5:18  Evolution Chamber  
  49  5:21  Drone x2  
  49  5:22  Drone x4  
  49  5:26  Lair  
  55  5:37  Drone x6  
  55  5:38  Drone  
  62  5:47  Drone x2, Extractor  
  63  5:58  Extractor  
  63  6:03  Ravager  
  63  6:04  Ravager  
  58  6:17  Roach x3  
  58  6:18  Roach  
  58  6:46  Roach x3  
  58  6:47  Roach x6  
  66  6:48  Zergling x4  
  66  6:49  Zergling x4  
Tags
 
Add a new tag
Caveats
  • Supply blocks, unpowered buildings, or Contaminate may cause inaccurate times.
  • Supply counts are checked every 10 seconds.